 Dungeon Crawl Stone Soup version 0.26.0-10-g1f06aea511 (webtiles) character file.

Game seed: 758087464790949080

290 wakim the Skirmisher (level 6, -2/57 HPs)
             Began as a Minotaur Fighter on Jan 20, 2021.
             Killed by divine providence
             ... invoked by an orc priest
              (13 damage)
             ... on level 4 of the Dungeon.
             The game lasted 00:05:20 (2243 turns).

wakim the Skirmisher (Minotaur Fighter)             Turns: 2243, Time: 00:05:22

Health: -2/57      AC: 13    Str: 23    XL:     6   Next: 9%
Magic:  5/5        EV:  4    Int:  5    God:
Gold:   184        SH: 10    Dex: 15    Spells: 5/5 levels left

rFire    . . .     SeeInvis .   a - +0 war axe
rCold    . . .     Faith    .   c - +0 kite shield
rNeg     . . .     Spirit   .   r - +0 plate armour
rPois    .         Reflect  .   (helmet restricted)
rElec    .         Harm     .   h - +0 cloak
rCorr    .         Rampage  .   (no gloves)
Will     .....                  (no boots)
Stlth    ..........             (no amulet)
HPRegen  0.19/turn              l - +6 ring of dexterity
MPRegen  0.09/turn              (no ring)

@: slowed, very slow
A: retaliatory headbutt, horns 2
a: no special abilities


You were on level 4 of the Dungeon.
You visited 1 branch of the dungeon, and saw 4 of its levels.

You collected 184 gold pieces.

Inventory:

Hand Weapons
 a - a +0 war axe (weapon)
Armour
 c - a +0 kite shield (worn)
 h - a +0 cloak (worn)
 r - a +0 plate armour (worn)
Jewellery
 l - a +6 ring of dexterity (left hand)
Scrolls
 b - a scroll of enchant armour {unknown}
 e - 4 scrolls of identify {unknown}
 f - 4 scrolls of teleportation {unknown}
 i - 3 scrolls of remove curse {unknown}
 j - a scroll of fog {unknown}
 m - a scroll of noise {unknown}
 p - 2 scrolls of blinking {unknown}
 q - 4 scrolls of fear {unknown}
Potions
 d - 2 potions of might
 g - 6 potions of curing {unknown}
 k - a potion of brilliance {unknown}
 n - a potion of heal wounds {unknown}
 o - a potion of resistance {unknown}


   Skills:
 * Level 5.8 Fighting
 + Level 3.9 Axes
 * Level 5.1 Armour
 + Level 4.8 Shields


You had 5 spell levels left.
You didn't know any spells.
Your spell library was empty.

Dungeon Overview and Level Annotations

Branches:
Dungeon (4/15)
 Temple: D:4-7

Altars:
Cheibriados
Dithmenos
Hepliaklqana
Kikubaaqudgha
Nemelex Xobeh
Vehumet


Innate Abilities, Weirdness & Mutations

You reflexively headbutt those who attack you in melee.
You have a pair of horns on your head.


Message History

Beogh smites you! Something hits you but does no damage.
You closely miss something. Your headbutt misses something. Something hits you.
* * * LOW HITPOINT WARNING * * *
You block something's attack.
You closely miss something.
Something hits you but does no damage. x2
You hit something but do no damage.
The orc priest calls down the wrath of Beogh upon you.
Beogh smites you!
* * * LOW HITPOINT WARNING * * *
You hear some strange, mumbled words.
A puff of flame appears from out of thin air!
The puff of flame hits you.
* * * LOW HITPOINT WARNING * * *
Something hits you but does no damage.
You hit something.
Reactivating autopickup.
You feel a bit more experienced.
The orc priest invokes the aid of Beogh against you.
Beogh smites you!
You die...

#.#
########
#.#
#.#######
#.......#
#######.#
#.# #.#
#.# #@#
#o# #
####o#.#
#..).o.#
#.##[###
# #..
#...
#.#..
..#.#.


You could see an orc priest and 2 orcs.

Vanquished Creatures
  An orc priest (D:4)
  4 orc wizards (D:4)
  A worker ant (D:4)
  8 adders
  A shadow imp (D:4)
  An adder skeleton (D:4)
  A worm (D:2)
  3 dart slugs
  2 leopard geckos (D:4)
  5 orcs (D:4)
  2 ball pythons
  2 giant cockroaches
  8 goblins
  7 hobgoblins
  8 kobolds
  2 quokkas
  11 bats
  5 frilled lizards
  6 rats
78 creatures vanquished.

Notes
Turn   | Place    | Note
-------+----------+-------------------------------------------
     0 | D:1      | wakim the Minotaur Fighter began the quest for the Orb.
     0 | D:1      | Reached XP level 1. HP: 19/19 MP: 0/0
   123 | D:1      | Reached XP level 2. HP: 26/27 MP: 1/1
   494 | D:2      | Reached XP level 3. HP: 32/33 MP: 2/2
   645 | D:2      | Reached XP level 4. HP: 41/41 MP: 3/3
   809 | D:2      | Found an ancient bone altar of Kikubaaqudgha.
   809 | D:2      | Found a radiant altar of Vehumet.
   810 | D:2      | Found a snail-covered altar of Cheibriados.
  1024 | D:2      | Found a shadowy altar of Dithmenos.
  1025 | D:2      | Found a hazy altar of Hepliaklqana.
  1026 | D:2      | Found a sparkling altar of Nemelex Xobeh.
  1450 | D:3      | Reached skill level 5 in Fighting
  1952 | D:4      | Reached XP level 5. HP: 44/48 MP: 4/4
  2224 | D:4      | Reached skill level 5 in Armour
  2235 | D:4      | Reached XP level 6. HP: 57/57 MP: 5/5
  2243 | D:4      | Killed from afar by an orc priest

Illustrated notes

Levels and vault maps discovered:
D:1:      eino_arrival_cavern_d, layout_rooms
D:2:      layout_loops_ring, chequers_temple_overflow_statue_of_worship,
          gammafunk_temple_overflow_claw
D:3:      minmay_recursive_quarters, layout_basic
D:4:      layout_basic, minmay_ruptured

Skill      XL: |  1  2  3  4  5 |
---------------+----------------+-----
Fighting       | 4 5 |  5.8
Armour         | 4 5 |  5.1
Shields        | 4 |  4.8
Axes           | 3 |  3.9

Action                   |  1- 3 |  4- 6 || total
-------------------------+-------+-------++-------
Melee: War axe           |    70 |   113 ||   183
       Headbutt          |     6 |    19 ||    25
Armor: Scale mail        |    30 |    41 ||    71
       Plate armour      |       |    22 ||    22
Dodge: Dodged            |    26 |    29 ||    55
Block: Kite shield       |    31 |    62 ||    93
